 Dungeon Crawl Stone Soup version 0.23.2-1-ga50397a6bc (webtiles) character file.

Game seed: 5549110701540210198

109 Mrkan the Cudgeler (level 4, 0/44 HPs)
             Began as a Troll Monk on May 31, 2019.
             Slain by Grinder (9 damage)
             ... on level 3 of the Dungeon.
             The game lasted 00:03:57 (1942 turns).

Mrkan the Cudgeler (Troll Monk)                     Turns: 1942, Time: 00:03:58

Health: 0/44       AC:  6    Str: 19    XL:     4   Next: 59%
Magic:  3/3        EV:  7    Int:  6    God:
Gold:   129        SH:  7    Dex: 13    Spells: 3/3 levels left

rFire    . . .     SeeInvis .     - Unarmed
rCold    . . .     Gourm    +   f - +0 shield
rNeg     . . .     Faith    .   a - +0 robe
rPois    .         Spirit   .   (helmet restricted)
rElec    .         Reflect  .   i - scarf {repulsion}
rCorr    .         Harm     .   (gloves unavailable)
MR       .....                  (boots unavailable)
Stlth    ++........             (no amulet)
HPRegen  0.54/turn              (no ring)
MPRegen  0.08/turn              (no ring)

@: repel missiles
A: large, unfitting armour, claws 3, fast metabolism 3, gourmand, regeneration
1, shaggy fur 1, tough skin 3
a: no special abilities


You were on level 3 of the Dungeon.
You were full.

You visited 1 branch of the dungeon, and saw 3 of its levels.

You collected 129 gold pieces.

Inventory:

Hand Weapons
 d - a +0 club
Armour
 a - a +0 robe (worn)
 f - a +0 shield (worn)
 i - a scarf of repulsion (worn)
Jewellery
 c - a cursed -6 ring of slaying {unknown}
Scrolls
 j - a scroll of remove curse {unknown}
 m - a scroll of noise {unknown}
 n - a scroll of enchant armour {unknown}
 o - a scroll of teleportation {unknown}
 q - a scroll of identify {unknown}
 s - a scroll of fog {unknown}
Potions
 e - a potion of haste {unknown}
 g - a potion of cancellation {unknown}
 h - 2 potions of lignification {unknown}
 k - 2 potions of berserk rage {unknown}
 l - a potion of curing {unknown}
 p - a potion of mutation {unknown}
 r - a potion of flight {unknown}
Comestibles
 b - 7 rations


   Skills:
 - Level 2.4 Fighting
 * Level 3.7 Maces & Flails
 - Level 2.4 Dodging
 - Level 1.0 Stealth
 - Level 3.2 Unarmed Combat


You had 3 spell levels left.
You didn't know any spells.
Your spell library was empty.

Dungeon Overview and Level Annotations

Branches:
Dungeon (3/15)

Altars:

Annotations:
D:3 Grinder


Innate Abilities, Weirdness & Mutations

You are too large for most types of armour.
You have claws for hands.
Your metabolism is lightning-fast.
You like to eat raw meat.
Your natural rate of healing is unusually fast.
You are covered in fur. (AC +1)
You have extremely tough skin. (AC +3)


Message History

You block Grinder's attack.
You closely miss Grinder.
Grinder is heavily wounded.
The giant cockroach bites you but does no damage.
Grinder gestures at you. Pain shoots through your body!
You block the giant cockroach's attack.
You barely miss Grinder.
Grinder is heavily wounded.
Grinder blinks!
The giant cockroach barely misses you. Grinder hits you.
You writhe in agony.
* * * LOW HITPOINT WARNING * * *
You block the giant cockroach's attack. Grinder hits you but does no damage.
Grinder hits you.
* * * LOW HITPOINT WARNING * * *
You claw Grinder!
Grinder is severely wounded.
The giant cockroach bites you but does no damage.
Grinder grins, showing sharp teeth.
Grinder hits you!
You die...

###.#.##.# ...
......#.# .#.#
##......# ....#
#.......# .# ...#
#.......# .. #.
#.###.#...### . #.
#...(....## #.#
#.#####..#.s5#.# #.#
#...........@..# ..#
##.<...#.......#
.#####.....#.......#
#..........#.......#
....##..÷..####.####
.#..##...÷.# #.#
.#..######## #.#
.#........# #.#
.......##.#####.#


You could see Grinder and a giant cockroach.

Vanquished Creatures
  4 gnolls
  3 adders
  2 dart slugs
  2 leopard geckos (D:1)
  4 giant cockroaches
  5 goblins
  6 hobgoblins
  2 quokkas (D:2)
  3 bats
  4 frilled lizards
  2 kobolds
  3 rats
40 creatures vanquished.

Notes
Turn   | Place    | Note
-------+----------+-------------------------------------------
     0 | D:1      | Mrkan the Troll Monk began the quest for the Orb.
     0 | D:1      | Reached XP level 1. HP: 22/22 MP: 0/0
   212 | D:1      | Reached skill level 1 in Maces & Flails
   212 | D:1      | Reached XP level 2. HP: 29/29 MP: 1/1
  1087 | D:2      | Reached XP level 3. HP: 30/36 MP: 2/2
  1688 | D:2      | Reached XP level 4. HP: 18/44 MP: 3/3
  1914 | D:3      | Noticed Grinder
  1918 | D:3      | Paralysed by Grinder for 5 turns
  1925 | D:3      | Paralysed by Grinder for 6 turns
  1942 | D:3      | Slain by Grinder

Skill      XL: |  1  2  3 |
---------------+----------+-----
Maces & Flails | 1 2 3 |  3.7
Fighting       | |  2.4
Dodging        | |  2.4
Stealth        | |  1.0
Unarmed Combat | |  3.2

Action                   |  1- 3 |  4- 6 || total
-------------------------+-------+-------++-------
Melee: Unarmed           |    86 |    46 ||   132
 Stab: Sleeping          |     5 |     1 ||     6
  Eat: Chunk             |    12 |     8 ||    20
Armor: Robe              |    28 |    26 ||    54
Dodge: Dodged            |    26 |    18 ||    44
Block: Shield            |    19 |    19 ||    38
